 Dungeon Crawl Stone Soup version 0.29.0-11-gd7f09526c8 (webtiles) character file.

Game seed: 7937943924939313041

38633 concernfroge the Fencer (level 13, -12/103 HPs)
             Began as a Mummy Monk on Sept 4, 2022.
             Was a High Priest of Okawaru.
             Mangled by an eight-headed hydra (13 damage)
             ... on level 5 of the Lair of Beasts.
             The game lasted 01:12:17 (18919 turns).

concernfroge the Fencer (Mummy Monk)               Turns: 18919, Time: 01:12:17

Health: -12/103    AC: 17    Str: 14    XL:     13   Next: 64%
Magic:  0/19       EV: 14    Int:  5    God:    Okawaru [*****.]
Gold:   745        SH:  0    Dex: 20    Spells: 12/12 levels left

rFire   + . .      SeeInvis .   a - +11 plutonium sword {Contam Stlth-}
rCold   + + .      Faith    .   (shield currently unavailable)
rNeg    + + +      Spirit   +   e - +2 scale mail of Usuthi {rPois rF++ rN+ Int-4}
rPois   ∞          Reflect  .   (no helmet)
rElec   .          Harm     .   r - +2 cloak
rCorr   .          Rampage  .   y - +2 pair of gloves
Will    +....                   q - +2 pair of boots
Stlth   ..........              u - amulet of guardian spirit
HPRegen 0.27/turn               h - ring of protection from cold
MPRegen 0.16/turn               x - +4 ring of evasion

@: no status effects
A: cold resistance 1, negative energy resistance 3, torment resistance 2, heat
vulnerability 1, in touch with death 2, no potions
a: Renounce Religion, Heroism, Finesse, Duel


You were on level 5 of the Lair of Beasts.
You worshipped Okawaru.
Okawaru was extremely pleased with you.
You visited 3 branches of the dungeon, and saw 18 of its levels.

You collected 1628 gold pieces.
You spent 883 gold pieces at shops.

Inventory:

Hand Weapons
 a - the +11 plutonium sword (weapon) {Contam Stlth-}
   (Okawaru gifted it to you on level 2 of the Lair of Beasts)

   It occasionally inflicts wild transmutation effects on those it strikes,
   inflicting malmutation or extra damage, or polymorphing them into a new form.
   Contam:    It causes magical contamination when unequipped.
   Stlth:     It makes you less stealthy.
 b - a +2 shortbow
 l - a +3 demon trident of electrocution
 B - the +8 autumn katana {vorpal, manifold assault}
   (You bought it in a shop on level 8 of the Dungeon)

   It sometimes launches melee attacks against multiple visible enemies.
Missiles
 c - 7 boomerangs (quivered)
 k - 36 poisoned darts
 p - 3 silver boomerangs
 t - a javelin
Armour
 e - the +2 scale mail of Usuthi (worn) {rPois rF++ rN+ Int-4}
   (Okawaru gifted it to you on level 10 of the Dungeon)

   Int:       It affects your intelligence (-4).
   rF:        It greatly protects you from fire.
   rPois:     It protects you from poison.
   rN:        It protects you from negative energy.
 f - +0 acid dragon scales
 q - a +2 pair of boots (worn)
 r - a +2 cloak (worn)
 s - a +2 ring mail of willpower
 y - a +2 pair of gloves (worn)
 A - a +0 kite shield
Jewellery
 g - a ring of fire
 h - a ring of protection from cold (left hand)
 u - an amulet of guardian spirit (around neck)
 x - a +4 ring of evasion (right hand)
 D - a +6 ring of dexterity
Wands
 j - a wand of digging (4)
 C - a wand of flame (12)
Scrolls
 d - 5 scrolls of immolation
 i - a scroll of noise
 m - 2 scrolls of amnesia
 n - 2 scrolls of enchant armour
 o - 8 scrolls of identify
 v - a scroll of magic mapping
 w - a scroll of vulnerability
 z - a scroll of poison


   Skills:
 - Level 10.0 Fighting
 + Level 15.0 Long Blades
 - Level 2.4 Polearms
 - Level 7.9 Ranged Weapons
 - Level 2.4 Dodging
 - Level 1.5 Stealth
 - Level 8.0 Invocations


You had 12 spell levels left.
You didn't know any spells.
Your spell library contained the following spells:

 Spells                   Type           Power      Damage    Failure   Level
 Freeze                   Ice            0%         1d3       94%         1
 Magic Dart               Conj           0%         1d3       94%         1
 Ensorcelled Hibernation  Hex/Ice        0%         N/A       98%         2
 Passwall                 Tmut/Erth      0%         N/A       98%         2
 Poisonous Vapours        Pois/Air       0%         N/A       98%         2
 Scorch                   Fire           0%         2d5       98%         2
 Frozen Ramparts          Ice            0%         1d1       100%        3
 Ignite Poison            Fire/Tmut/Pois 0%         N/A       100%        3
 Mephitic Cloud           Conj/Pois/Air  0%         N/A       100%        3
 Swiftness                Air            0%         N/A       100%        3
 Anguish                  Hex/Necr       0%         N/A       100%        4
 Corpse Rot               Necr/Pois/Air  0%         N/A       100%        4
 Flame Wave               Conj/Fire      0%         2d4       100%        4
 Hailstorm                Conj/Ice       0%         3d3       100%        4
 Freezing Cloud           Conj/Ice/Air   0%         6-21      100%        5
 Enfeeble                 Hex            0%         N/A       100%        7
 Maxwell's Capacitive Co  Air            0%         ∞         100%        8
 Call Imp                 Summ           Unusable   N/A       N/A         2
 Summon Lightning Spire   Summ/Air       Unusable   N/A       N/A         4
 Summon Cactus Giant      Summ           Unusable   N/A       N/A         6
 Storm Form               Tmut/Air       Unusable   N/A       N/A         7

Dungeon Overview and Level Annotations

Branches:
Dungeon (12/15)            Temple (1/1) D:7            Lair (5/5) D:10
  Swamp (0/4) Lair:2       Spider (0/4) Lair:2        Slime (0/5) Lair:5
    Orc (0/2) D:10

Altars:
Ashenzari
Cheibriados
Dithmenos
Gozag
Hepliaklqana
Kikubaaqudgha
Makhleb
Nemelex Xobeh
Okawaru
Qazlal
Ru
Sif Muna
Trog
Uskayaw
Vehumet
Wu Jian
Xom
Yredelemnul
Jiyva

Shops:
D:4 ?   D:6 (   D:8 *((

Annotations:
D:3 Grinder
D:4 3 runed translucent doors, Adrian566's ghost, amateur OpFi
D:12 2 transporters, Neel Ube's ghost, journeyman FoFi
Lair:1 3 runed translucent doors, pacmanke6689's ghost, novice GrFi


Innate Abilities, Weirdness & Mutations

You are immune to poison.
Your flesh is cold resistant. (rC+)
You are immune to negative energy. (rN+++)
You are immune to unholy pain and torment.
You are vulnerable to heat. (rF-)
You are strongly in touch with the powers of death.
You do not drink.


Message History

The eight-headed hydra bites you.
The eight-headed hydra bites you but does no damage.
You enter the shallow water.
Moving in this stuff is going to be slow.
The eight-headed hydra closely misses you.
The eight-headed hydra bites you but does no damage.
The eight-headed hydra bites you! The eight-headed hydra bites you.
The eight-headed hydra bites you! The eight-headed hydra bites you. x2
The eight-headed hydra misses you. The eight-headed hydra bites you.
The eight-headed hydra misses you. The eight-headed hydra bites you!
The eight-headed hydra bites you. x2
The eight-headed hydra bites you but does no damage.
The eight-headed hydra bites you!
* * * LOW HITPOINT WARNING * * *
The eight-headed hydra bites you.
* * * LOW HITPOINT WARNING * * *
Okay, then.
Okay, then.
Okay, then.
The eight-headed hydra misses you.
The eight-headed hydra closely misses you. x2
The eight-headed hydra bites you.
* * * LOW HITPOINT WARNING * * *
The eight-headed hydra bites you.
* * * LOW HITPOINT WARNING * * *
The eight-headed hydra barely misses you.
The eight-headed hydra bites you.
* * * LOW HITPOINT WARNING * * *
The eight-headed hydra completely misses you.
The eight-headed hydra barely misses you.
The eight-headed hydra bites you.
* * * LOW HITPOINT WARNING * * *
The eight-headed hydra closely misses you.
The eight-headed hydra bites you.
* * * LOW HITPOINT WARNING * * *
The eight-headed hydra bites you!
* * * LOW HITPOINT WARNING * * *
The eight-headed hydra bites you but does no damage.
The eight-headed hydra bites you!
You die...

P###..........# ♣♣♣..!≈~.♣♣♣♣♣~~
.P##.........)# ♣.♣†...≈♣.♣♣♣~.P
P##...........##♣♣..♣♣♣.♣≈~~~≈.♣.
..##...........#♣.....♣♣♣≈.~≈~...
...#...........#♣♣♣♣..♣♣~~(P..[.♣
................♣♣♣♣♣♣≈~~♣..♣..♣♣
.................!~♣.~~♣♣♣...♣♣♣
...............P~D~~≈~....P.♣♣
...............~@♣♣.~♣.♣.♣♣♣♣
................♣♣♣♣♣♣♣♣♣♣
.##...#..#.÷÷..P♣
#.#...#...#....####*************
........<.#.........,,,,,,,,,,,*
......#.............,,,,,,,,,,,*
...#..#...#..........,,,,,,,,,,**
..#..#...#...........,,,,,,,,,,,*
###..#...#...........,,,,,,,,,,,*


You could see an eight-headed hydra.

Vanquished Creatures
  A fire dragon (Lair:5)
  An ice dragon (Lair:4)
  A hydra (Lair:5)
  A catoblepas (Lair:3)
  A two-headed ogre (D:10)
  4 death yaks (Lair:3)
  A swamp dragon (Lair:5)
  A harpy (Lair:3)
  A deep elf pyromancer (D:11)
  A manticore (D:11)
  14 elephants
  3 black mambas
  11 cane toads
  A gargoyle (D:11)
  A water nymph (Lair:5)
  Maggie (D:7)
  3 unseen horrors
  7 komodo dragons
  4 rime drakes
  2 polar bears
  3 trolls (D:10)
  2 hornets
  7 blink frogs
  5 dream sheep (Lair:5)
  4 wyverns
  2 wraiths
  31 yaks
  5 basilisks
  Eustachio (D:6)
  5 vampire mosquitoes
  A steam dragon (D:8)
  2 wargs (D:10)
  2 acid dragons (Lair:5)
  17 water moccasins
  4 swamp drakes (Lair:5)
  2 ice beasts
  3 orc warriors
  2 black bears (D:7)
  A tengu (Lair:3)
  2 phantoms
  5 centaurs
  8 wolves
  3 kobold brigands
  11 bullfrogs
  A necrophage (D:5)
  4 scorpions
  5 killer bees (D:8)
  5 howler monkeys
  2 gnoll boudas
  A hound (D:5)
  3 jellies
  9 orc priests
  Crazy Yiuf (D:5)
  5 iguanas
  Ijyb (D:5)
  13 orc wizards
  7 hell rats (Lair:5)
  12 gnolls
  5 adders
  A shadow imp (D:8)
  2 white imps
  7 worms
  4 dart slugs
  52 orcs
  4 ball pythons
  9 endoplasms
  3 giant cockroaches
  7 goblins
  11 hobgoblins
  7 jackals (D:4)
  5 quokkas
  9 bats
  2 frilled lizards (D:3)
  21 kobolds
  4 rats (D:2)
410 creatures vanquished.

Vanquished Creatures (collateral kills)
  A gnoll (D:4)
  3 orcs (D:4)
  A ball python (D:4)
  2 hobgoblins (D:4)
7 creatures vanquished.

Vanquished Creatures (others)
  22 fungi
  25 plants
  9 withered plants (D:10)
56 creatures vanquished.

Grand Total: 473 creatures vanquished

Notes
Turn   | Place    | Note
-------+----------+-------------------------------------------
     0 | D:1      | concernfroge the Mummy Monk began the quest for the Orb.
     0 | D:1      | Reached XP level 1. HP: 18/18 MP: 1/1
   137 | D:1      | Reached XP level 2. HP: 22/24 MP: 2/2
   737 | D:2      | Found a faded altar of an unknown god.
   769 | D:2      | Gained mutation: You are in touch with the powers of death.
                  | [Mummy growth]
   769 | D:2      | Reached XP level 3. HP: 28/30 MP: 3/3
  1138 | D:2      | Reached skill level 1 in Ranged Weapons
  1380 | D:3      | Reached XP level 4. HP: 38/38 MP: 4/4
  1512 | D:3      | Found a stormy altar of Qazlal.
  1661 | D:3      | Noticed Grinder
  1661 | D:3      | Paralysed by Grinder for 4 turns
  1735 | D:4      | Found Wifuphyj's Magic Scroll Boutique.
  1742 | D:4      | Bought a scroll of teleportation for 42 gold pieces
  1742 | D:4      | Bought a scroll of poison for 56 gold pieces
  1781 | D:4      | Noticed a scorpion
  1799 | D:4      | Killed a scorpion
  1800 | D:4      | Reached skill level 5 in Fighting
  1800 | D:4      | Reached XP level 5. HP: 36/44 MP: 5/5
  1861 | D:4      | Noticed a phantom
  1877 | D:4      | Killed a phantom
  1902 | D:4      | Reached XP level 6. HP: 37/52 MP: 6/6
  1908 | D:4      | Identified a scroll of acquirement
  2452 | D:4      | Found a runed translucent gate.
  2452 | D:4      | Found a runed translucent gate.
  2452 | D:4      | Found a runed translucent gate.
  2455 | D:4      | Noticed Adrian566's ghost (amateur OpFi)
  2639 | D:4      | Bought a scroll of identify for 28 gold pieces
  2640 | D:4      | Acquired 703 gold pieces
  2645 | D:5      | Entered Level 5 of the Dungeon
  2777 | D:5      | Noticed Ijyb
  2795 | D:5      | Killed Ijyb
  3027 | D:5      | Reached XP level 7. HP: 55/60 MP: 7/7
  3388 | D:5      | Found a bloodstained altar of Trog.
  3428 | D:5      | Found a runed translucent door.
  3429 | D:5      | Noticed Crazy Yiuf
  3593 | D:5      | Killed Crazy Yiuf
  3636 | D:6      | Noticed Eustachio
  3967 | D:7      | Noticed Maggie
  3979 | D:7      | Killed Maggie
  3980 | D:7      | Reached XP level 8. HP: 26/69 MP: 8/8
  4467 | D:7      | Found a staircase to the Ecumenical Temple.
  4489 | Temple   | Entered the Ecumenical Temple
  4692 | Temple   | Became a worshipper of Warmaster Okawaru
  4692 | Temple   | Reached * piety under Okawaru
  4692 | Temple   | Reached ** piety under Okawaru
  4866 | D:7      | Reached skill level 1 in Invocations
  5567 | D:7      | Reached skill level 5 in Ranged Weapons
  5576 | D:7      | Reached skill level 10 in Fighting
  5583 | D:7      | Reached XP level 9. HP: 33/78 MP: 6/9
  5588 | D:7      | Reached *** piety under Okawaru
  6067 | D:8      | Found Uhilurphe's Assorted Antiques.
  6572 | D:8      | Found an ornate altar of the Wu Jian Council.
  7458 | D:8      | Found Wyukluw's Weapon Shop.
  7463 | D:8      | Found Daukad's Antique Weapon Boutique.
  7467 | D:8      | Bought the +8 autumn katana {vorpal, manifold assault} for
                  | 757 gold pieces
  7467 | D:8      | Found the +8 autumn katana {vorpal, manifold assault}
  7733 | D:9      | Reached **** piety under Okawaru
  7734 | D:9      | Reached skill level 1 in Long Blades
  7810 | D:9      | Identified the +7 sling of Evil {flame, Dex+4}
  7838 | D:9      | Reached skill level 2 in Long Blades
  8092 | D:9      | Reached skill level 3 in Long Blades
  8452 | D:9      | Reached skill level 4 in Long Blades
  8458 | D:9      | Reached XP level 10. HP: 82/85 MP: 10/10
  8706 | D:10     | Entered Level 10 of the Dungeon
  8789 | D:10     | Reached skill level 5 in Long Blades
  9090 | D:10     | Found an ancient bone altar of Kikubaaqudgha.
  9105 | D:10     | Reached ***** piety under Okawaru
  9212 | D:10     | Noticed a two-headed ogre
  9226 | D:10     | Killed a two-headed ogre
  9226 | D:10     | Received a gift from Okawaru
  9227 | D:10     | Reached skill level 6 in Long Blades
  9283 | D:10     | Reached skill level 7 in Long Blades
  9549 | D:10     | Found a staircase to the Lair.
  9817 | D:10     | Reached skill level 8 in Long Blades
  9827 | D:10     | Identified the +2 scale mail of Usuthi {rPois rF++ rN+
                  | Int-4} (Okawaru gifted it to you on level 10 of the
                  | Dungeon)
  9827 | D:10     | Received a gift from Okawaru
 10141 | D:10     | Found a staircase to the Orcish Mines.
 10553 | D:11     | Noticed a gargoyle
 10558 | D:12     | Found a transporter.
 10565 | D:12     | Noticed Neel Ube's ghost (journeyman FoFi)
 10588 | D:12     | Found a transporter.
 10656 | D:12     | Reached XP level 11. HP: 11/90 MP: 11/11
 11222 | D:11     | Noticed a deep elf pyromancer
 11232 | D:11     | Killed a deep elf pyromancer
 11233 | D:11     | Reached skill level 9 in Long Blades
 12101 | D:6      | Killed Eustachio
 12102 | D:6      | Reached skill level 10 in Long Blades
 12148 | D:6      | Found Gusahup's Weapon Shoppe.
 12808 | Lair:1   | Entered Level 1 of the Lair of Beasts
 12887 | Lair:1   | Reached skill level 11 in Long Blades
 12893 | Lair:1   | Received a gift from Okawaru
 13404 | Lair:1   | Noticed an eight-headed hydra
 13583 | Lair:1   | Found a runed translucent gate.
 13584 | Lair:1   | Found a runed translucent gate.
 13584 | Lair:1   | Found a runed translucent gate.
 13585 | Lair:1   | Noticed pacmanke6689's ghost (novice GrFi)
 13595 | Lair:1   | Found a viscous altar of Jiyva.
 13707 | Lair:2   | Found a staircase to the Swamp.
 13975 | Lair:2   | Reached skill level 12 in Long Blades
 14105 | Lair:2   | Reached XP level 12. HP: 67/97 MP: 13/13
 14240 | Lair:1   | Noticed a six-headed hydra
 14240 | Lair:1   | Noticed a six-headed hydra
 14240 | Lair:1   | You fall into a shaft and drop 1 floor!
 14533 | Lair:2   | Reached skill level 5 in Invocations
 14702 | Lair:2   | Found a hole to the Spider Nest.
 14767 | Lair:2   | Received a gift from Okawaru
 14767 | Lair:2   | Found the +11 plutonium sword {Contam Stlth-}
 14898 | Lair:2   | Noticed a seven-headed hydra
 15919 | Lair:3   | Noticed a catoblepas
 15931 | Lair:3   | Killed a catoblepas
 16270 | Lair:3   | Noticed a death yak
 16270 | Lair:3   | Noticed a death yak
 16272 | Lair:3   | Noticed a death yak
 16272 | Lair:3   | Noticed a death yak
 16281 | Lair:3   | Killed a death yak
 16295 | Lair:3   | Killed a death yak
 16312 | Lair:3   | Killed a death yak
 16333 | Lair:3   | Killed a death yak
 16333 | Lair:3   | Identified the -1 pair of boots of the Coconut {rC+ Int+4
                  | Dex-4} (Okawaru gifted it to you on level 3 of the Lair of
                  | Beasts)
 16333 | Lair:3   | Received a gift from Okawaru
 16712 | Lair:3   | Noticed a catoblepas
 16777 | Lair:4   | Reached skill level 13 in Long Blades
 17090 | Lair:4   | Noticed a boulder beetle
 17094 | Lair:4   | Noticed an ice dragon
 17094 | Lair:4   | a boulder beetle changed into an ice dragon
 17099 | Lair:4   | Killed an ice dragon
 17100 | Lair:4   | Gained mutation: You are strongly in touch with the powers
                  | of death. [Mummy growth]
 17100 | Lair:4   | Reached XP level 13. HP: 103/103 MP: 11/19
 17595 | Lair:5   | Entered Level 5 of the Lair of Beasts
 17673 | Lair:5   | Reached skill level 14 in Long Blades
 17842 | Lair:5   | Found a staircase to the Slime Pits.
 17842 | Lair:5   | Found a viscous altar of Jiyva.
 18546 | Lair:5   | Noticed a fire dragon
 18654 | Lair:5   | Killed a fire dragon
 18840 | Lair:5   | Reached skill level 15 in Long Blades
 18919 | Lair:5   | HP: 1/103 [eight-headed hydra (9)]
 18919 | Lair:5   | Mangled by an eight-headed hydra

Illustrated notes

Levels and vault maps discovered:
D:1:      minmay_arrival_arboretum_small, layout_rooms
D:2:      layout_basic, hellmonk_ecumenical_altar_heavens_door,
          chequers_serial_rivers_micro_c
D:3:      layout_rooms, mainiacjoe_overflow_alcove_2,
          nicolae_overflow_two_pavilions, dk_vineyard_2,
          chequers_serial_rivers_micro_d, uniq_grinder
D:4:      layout_basic, zin_treasury, serial_shops, nicolae_stop_n_shop_1,
          gammafunk_ghost_nasty_kobolds
D:5:      nicolae_cairo_tiling_very_big, layout_loops_cross, lemuel_round_altar,
          due_unseen_surprise, uniq_crazy_yiuf_cottage, uniq_ijyb
D:6:      layout_basic, serial_shops, shop, uniq_eustachio
D:7:      layout_basic, minmay_temple_entry_junction, chequers_garden,
          uniq_maggie
D:8:      layout_gridville, mainiacjoe_overflow_large_starburst, serial_rivers,
          chequers_serial_rivers_micro_e, chequers_serial_rivers_marsh,
          chequers_serial_rivers_marsh, chequers_serial_rivers_micro_c,
          serial_shops, nicolae_take_the_stairs,
          nicolae_shop_bloodbath_and_beyond, shop, kennysheep_nondescript
D:9:      layout_roguey, nrook_loot_triangle
D:10:     layout_stronghold, kiku_gazebo_garden_becter,
          erik_lair_orcish_takeover, hiddenorc2_lemuel
D:11:     layout_basic
D:12:     kennysheep_room_grid, layout_rooms, gammafunk_ghost_stat_death,
          nicolae_trove_entry_path_of_doom
Temple:   eino_narrow_crystal_temple
Lair:1:   layout_loops_ring, gammafunk_ghost_ooze,
          chequers_serial_rivers_micro_e, serial_bayou_shore_b
Lair:2:   nzn_winding_woodlands_three_and_one
          [nzn_winding_woodlands_5x15_sidewinder,
          nzn_winding_woodlands_5x15_concentric,
          nzn_winding_woodlands_5x15_zeroes,
          nzn_winding_woodlands_center_lodge], layout_regular_city, swamp_mist,
          nicolae_spider_entry_non_spiders, lemuel_old_faithful
Lair:3:   layout_big_grid, chequers_serial_rivers_micro_a,
          small_statue_intersection, hangedman_tree_tricks,
          nicolae_quartered_pool_medium, minmay_shattered_shrine
Lair:4:   layout_hall_layers
Lair:5:   guppyfry_lair_end_dragon, layout_regular_city, wormcave,
          slime_entry_1, chequers_serial_rivers_small_a, grunt_megastairs_4

Skill      XL: |  1  2  3  4  5  6  7  8  9 10 11 12 13 |
---------------+----------------------------------------+-----
Fighting       | 4 5 7 8 10 | 10.0
Ranged Weapons | 1 2 3 4 5 7 |  7.9
Invocations    | 1 2 8 |  8.0
Long Blades    | 4 8 12 13 15 | 15.0
Polearms       | |  2.4
Dodging        | |  2.4
Stealth        | |  1.5

Action                   |  1- 3 |  4- 6 |  7- 9 | 10-12 | 13-15 || total
-------------------------+-------+-------+-------+-------+-------++-------
Melee: Spear             |    46 |       |       |       |       ||    46
       Shortbow          |       |     1 |       |       |       ||     1
       Katana            |       |       |    66 |   331 |       ||   397
       Punch             |       |       |       |     1 |       ||     1
       Triple sword      |       |       |       |   156 |   172 ||   328
 Fire: Shortbow          |    82 |   152 |   314 |   165 |       ||   713
Throw: Javelin           |       |     7 |       |    16 |       ||    23
       Throwing net      |       |       |     4 |     1 |       ||     5
       Boomerang         |       |       |       |    16 |       ||    16
       Dart              |       |       |       |     1 |       ||     1
Invok: Heroism           |       |       |     5 |    23 |     8 ||    36
       Finesse           |       |       |       |     4 |     2 ||     6
Evoke: Wand              |       |       |     4 |    10 |       ||    14
  Use: Scroll            |       |    15 |    10 |     9 |     3 ||    37
 Stab: Sleeping          |     1 |       |     1 |     3 |       ||     5
       Distracted        |       |       |       |     3 |       ||     3
Armor: Robe              |     5 |       |       |       |       ||     5
       Ring mail         |    14 |       |       |   152 |    48 ||   214
       Scale mail        |    10 |    91 |    34 |       |    20 ||   155
       Acid dragon scale |       |       |   133 |    56 |       ||   189
Dodge: Dodged            |    51 |    89 |   201 |   222 |   140 ||   703
Block: Kite shield       |       |       |       |    49 |       ||    49
